 Dungeon Crawl Stone Soup version 0.29.1-1-gd02db6906a (webtiles) character file.

Game seed: 13191457229488026417

308 xian the Ducker (level 6, -4/36 HPs)
             Began as a Tengu Warper on Oct 13, 2022.
             Slain by a wight
             ... wielding a +3 scimitar
              (14 damage)
             ... on level 4 of the Dungeon.
             The game lasted 00:07:07 (3595 turns).

xian the Ducker (Tengu Warper)                      Turns: 3595, Time: 00:07:08

Health: -4/36      AC:  3    Str: 20    XL:     6   Next: 40%
Magic:  10/10      EV: 15    Int: 13    God:
Gold:   130        SH:  0    Dex: 13    Spells: 7/9 levels left

rFire   . . .      SeeInvis .   s - +7 long sword of Zasiuts {pain, rC++ Will- rCorr Stlth+}
rCold   + + .      Faith    .   (no shield)
rNeg    . . .      Spirit   .   b - +0 leather armour
rPois   +          Reflect  .   (helmet restricted)
rElec   .          Harm     .   (no cloak)
rCorr   +          Rampage  .   (no gloves)
Will    .....                   (boots unavailable)
Stlth   ++........              (no amulet)
HPRegen 0.12/turn               p - ring of poison resistance
MPRegen 0.12/turn               u - +6 ring of strength

@: mighty, flying quickly and evasively, quick
A: beak, talons 3, nimble flight
a: no special abilities


You were on level 4 of the Dungeon.
You visited 1 branch of the dungeon, and saw 4 of its levels.

You collected 240 gold pieces.
You spent 110 gold pieces at shops.

Inventory:

Hand Weapons
 a - a +0 spear
 s - the +7 long sword of Zasiuts (weapon) {pain, rC++ Will- rCorr Stlth+}
   (You found it on level 4 of the Dungeon)

   In the hands of one skilled in necromantic magic, it inflicts extra damage on
   living creatures.
   rC:        It greatly protects you from cold.
   rCorr:     It protects you from acid and corrosion.
   Will:      It decreases your willpower.
   Stlth:     It makes you more stealthy.
Missiles
 d - 7 boomerangs of dispersal
 g - 7 poisoned darts (quivered)
 h - 12 stones
 k - 5 silver javelins
Armour
 b - a +0 leather armour (worn)
 f - a +0 chain mail
Jewellery
 p - a ring of poison resistance (left hand)
 u - a +6 ring of strength (right hand)
Scrolls
 c - a scroll of blinking
 e - 3 scrolls of teleportation {unknown}
 i - a scroll of fog {unknown}
 j - 2 scrolls of identify {unknown}
 l - a scroll of fear {unknown}
 m - a scroll of enchant armour {unknown}
 o - a scroll of noise {unknown}
 q - a scroll of torment {unknown}
 t - a scroll of vulnerability {unknown}
Potions
 n - a potion of might
 r - 2 potions of heal wounds


   Skills:
 + Level 2.7 Fighting
 * Level 2.2 Long Blades
 - Level 3.2 Polearms
 + Level 1.6 Throwing
 + Level 3.3 Armour
 + Level 3.3 Dodging
 + Level 1.1 Stealth
 + Level 2.1 Spellcasting
 + Level 3.0 Translocations


You had 7 spell levels left.
You knew the following spells:

 Your Spells              Type           Power      Damage    Failure   Level
a - Blink                 Tloc           18%        N/A       13%         2

Your spell library contained the following spells:

 Spells                   Type           Power      Damage    Failure   Level
 Gell's Gravitas          Tloc           9%         N/A       26%         3
 Lesser Beckoning         Tloc           9%         N/A       26%         3
 Teleport Other           Tloc           9%         N/A       26%         3
 Slow                     Hex            4%         N/A       28%         1
 Confusing Touch          Hex            1%         N/A       65%         3
 Conjure Flame            Conj/Fire      1%         6-21      65%         3
 Ignite Poison            Fire/Tmut/Pois 1%         N/A       65%         3
 Vampiric Draining        Necr           1%         2d6       65%         3
 Manifold Assault         Tloc           9%         N/A       93%         5
 Sticky Flame             Conj/Fire      1%         2d3       96%         4


Dungeon Overview and Level Annotations

Branches:
Dungeon (4/15)
 Temple: D:4-7

Altars:
Hepliaklqana
Xom
Yredelemnul

Shops:
D:3 !


Innate Abilities, Weirdness & Mutations

You have a beak for a mouth.
You have claws for feet.
Your magical nature lets you fly swiftly and evasively.


Message History

Unknown command.
The wight misses you.
You slash the wight!
You destroy the wight!
A wight comes into view. It is wielding a +2 hand axe.
The wight hits you with a +5 scimitar of freezing.
Your Long Blades skill increases to level 1!
You have reached level 5!
Your magical nature develops, letting you fly swiftly and evasively.
You slash the wight! You claw the wight.
You destroy the wight!
The wight completely misses you.
Your Armour skill increases to level 3!
Your Dodging skill increases to level 3!
You slash the wight! You peck the wight.
The wight is severely damaged.
The wight barely misses you. The wight closely misses you.
Things that are here:
a +5 scimitar of freezing; a +0 robe You slash the wight!
The wight is almost destroyed.
The wight hits you with a +2 hand axe!
You feel drained. The wight barely misses you.
Unknown command.
You slash the wight!
You destroy the wight!
The wight hits you with a +3 scimitar!
You feel drained.
* * * LOW HITPOINT WARNING * * *
A wight comes into view. It is wielding a +3 scimitar.
Your life force feels restored.
Your Long Blades skill increases to level 2!
Your Stealth skill increases to level 1!
You have reached level 6!
You slash the wight!
You destroy the wight!
Things that are here:
a +3 scimitar; a +0 robe You barely miss the wight.
Your peck misses the wight. The wight hits you with a +3 scimitar!
You die...

#..# #.# #..# #.# #..#
#.# #.. ##.# #..
...####...
#####.#####.........#
#....)........####.##
#.###z# #.# #.#.@.# #.#
##.#.#### #.# #.......#
#.# ######### #.#####.#
#.# ........###)# #.# #†#
#######.....#
#.###########.# #.###.#
#.............#
#.....#####.#############
#.###.......#


You could see a wight.

Vanquished Creatures
  4 wights (D:4)
  A gnoll (D:1)
  2 adders
  A worm (D:3)
  2 dart slugs
  5 orcs (D:3)
  4 ball pythons
  5 bats
  2 endoplasms (D:3)
  7 giant cockroaches
  10 goblins
  5 hobgoblins
  2 quokkas
  2 frilled lizards
  3 kobolds
  6 rats
61 creatures vanquished.

Vanquished Creatures (others)
  2 plants (D:2)
2 creatures vanquished.

Grand Total: 63 creatures vanquished

Notes
Turn   | Place    | Note
-------+----------+-------------------------------------------
     0 | D:1      | xian the Tengu Warper began the quest for the Orb.
     0 | D:1      | Reached XP level 1. HP: 12/12 MP: 4/4
   202 | D:1      | Reached XP level 2. HP: 17/17 MP: 6/6
   212 | D:1      | Learned a level 2 spell: Blink
   927 | D:1      | Reached XP level 3. HP: 12/21 MP: 7/7
  1703 | D:2      | Found a basalt altar of Yredelemnul.
  2285 | D:2      | Reached XP level 4. HP: 15/26 MP: 8/8
  2419 | D:2      | Found a faded altar of an unknown god.
  2639 | D:3      | Found Rygrui's Distillery.
  2653 | D:3      | Bought a potion of degeneration for 11 gold pieces
  2653 | D:3      | Bought a potion of might for 44 gold pieces
  2653 | D:3      | Bought a potion of heal wounds for 55 gold pieces
  3025 | D:3      | Found a shimmering altar of Xom.
  3420 | D:3      | Found a faded altar of an unknown god.
  3424 | D:3      | Found a hazy altar of Hepliaklqana.
  3533 | D:4      | Identified the +7 long sword of Zasiuts {pain, rC++ Will-
                  | rCorr Stlth+}
  3587 | D:4      | Reached skill level 1 in Long Blades
  3587 | D:4      | Gained mutation: Your magical nature lets you fly swiftly
                  | and evasively. [Tengu growth]
  3587 | D:4      | Reached XP level 5. HP: 30/31 MP: 9/9
  3593 | D:4      | Reached skill level 1 in Stealth
  3593 | D:4      | Reached XP level 6. HP: 10/36 MP: 10/10
  3595 | D:4      | Slain by a wight

Illustrated notes

Levels and vault maps discovered:
D:1:      lemuel_arrival_room, layout_basic, minmay_octomino_c4
D:2:      layout_rooms, shapermc_ecumenical_altar_acropolis, basic_altar
D:3:      layout_basic, nicolae_overflow_ecumenical_swirl,
          mainiacjoe_overflow_alcove_1, serial_shops, shop
D:4:      layout_loops_ring, nicolae_uskayaw_murder_on_the_dancefloor,
          minmay_temple_entry_arrows, grunt_ministairs_14

Skill      XL: |  1  2  3  4  5 |
---------------+----------------+-----
Translocations | 3 |  3.0
Armour         | 2 3 |  3.3
Polearms       | 3 |  3.2
Long Blades    | 1 2 |  2.2
Dodging        | 3 |  3.3
Stealth        | 1 |  1.1
Fighting       | |  2.7
Throwing       | |  1.6
Spellcasting   | |  2.1

Action                   |  1- 3 |  4- 6 || total
-------------------------+-------+-------++-------
Melee: Spear             |    96 |    65 ||   161
       Kick              |    18 |    20 ||    38
       Peck              |    13 |     9 ||    22
       Punch             |     1 |       ||     1
       Long sword        |       |     7 ||     7
Throw: Stone             |    24 |       ||    24
       Dart              |     3 |     3 ||     6
  Use: Potion            |       |     2 ||     2
 Stab: Sleeping          |       |     1 ||     1
Armor: Leather armour    |    20 |     9 ||    29
Dodge: Dodged            |    37 |    40 ||    77
